 Dungeon Crawl Stone Soup version 0.18-a0-775-g4d9e04e (webtiles) character file.

19952 Proton the Bludgeoner (level 12, -1/198 HPs)
             Began as an Ogre Fighter on Dec 13, 2015.
             Was the Champion of Okawaru.
             Slain by Rupert
             ... wielding a +1 great mace of protection
              (29 damage)
             ... on level 3 of the Lair of Beasts.
             The game lasted 00:33:31 (17220 turns).

Proton the Bludgeoner (Ogre Fighter)               Turns: 17220, Time: 00:33:31

Health: -1/198     AC: 26    Str: 28    XL:     12   Next: 74%
Magic:  0/16       EV:  1    Int:  7    God:    Okawaru [******]
Gold:   504        SH:  0    Dex: 11    Spells: 0 memorised, 11 levels left

rFire  . . .     SeeInvis .     C - +7 morningstar of Vanity {flame, Dex+2 Stlth+}
rCold  . . .     Clarity  .     (armour currently unavailable)
rNeg   + + +     SustAt   +     (no shield)
rPois  +         Gourm    .     (helmet currently unavailable)
rElec  .         Spirit   +     (cloak currently unavailable)
rCorr  .         Dismiss  .     (gloves unavailable)
rMut   .         NoTele   +     (boots unavailable)
MR     +....                    c - amulet of guardian spirit
Stlth  ++++......               I - ring of sustain attributes
                                f - ring of poison resistance

@: tree-form, somewhat resistant to hostile enchantments, stealthy
A: unfitting armour, (talons 0), (icy blue scales 0), rugged brown scales 1,
frail 1, teleportitis 1, (tough skin 0), wild magic 1
a: Heroism, Finesse, Renounce Religion


You were on level 3 of the Lair of Beasts.
You worshipped Okawaru.
Okawaru was exalted by your worship.
You were not hungry.
You were a tree.
You visited 3 branches of the dungeon, and saw 16 of its levels.
You visited 1 bazaar.

You collected 747 gold pieces.
You spent 243 gold pieces at shops.

Inventory:

Hand Weapons
 C - the +7 morningstar of Vanity (weapon) {flame, Dex+2 Stlth+}
   (You bought it in a shop on level 6 of the Dungeon)

   It has been specially enchanted to burn those struck by it, causing extra
   injury to most foes and up to half again as much damage against particularly
   susceptible opponents.
   It affects your dexterity (+2).
   It makes you more stealthy.
 R - the +8 longbow "Roaklaja" {flame, Dex+4}
   (Okawaru gifted it to you on level 2 of the Lair of Beasts)

   It causes projectiles fired from it to burn those they strike, causing extra
   injury to most foes and up to half again as much damage against particularly
   susceptible opponents.
   It affects your dexterity (+4).
Missiles
 H - 5 large rocks (quivered)
Armour
 o - a +2 robe of fire resistance (melded)
 y - a +2 cloak (melded)
Rods
 M - a -2 rod of the swarm (13/13)
   (You took it off a crimson imp on level 12 of the Dungeon)
Jewellery
 c - an amulet of guardian spirit (around neck)
 f - a ring of poison resistance (left branch)
 I - a ring of sustain attributes (right branch)
Wands
 q - a wand of cold (1)
 O - a wand of polymorph (7)
 P - a wand of enslavement (9)
Scrolls
 b - a scroll of fear {unknown}
 g - 3 scrolls of recharging
 h - 3 scrolls of immolation
 k - 2 scrolls of remove curse
 l - 5 scrolls of teleportation
 m - 2 scrolls of noise
 t - 2 scrolls of fog {unknown}
 u - 4 scrolls of enchant armour {unknown}
 v - 2 scrolls of enchant weapon {unknown}
 F - a scroll of silence {unknown}
 K - 2 scrolls of summoning {unknown}
 L - a scroll of magic mapping
 Q - a scroll of amnesia {unknown}
Potions
 a - 2 potions of flight {unknown}
 d - 4 potions of might
 e - 2 potions of berserk rage
 i - a potion of ambrosia
 j - 5 potions of agility {unknown}
 n - 4 potions of curing {unknown}
 p - 2 potions of mutation {unknown}
 s - a potion of resistance
 w - a potion of cure mutation
 x - a potion of cancellation
 z - a potion of magic
 B - 3 potions of brilliance
 D - a potion of heal wounds
 E - 2 potions of lignification
 N - a potion of haste {unknown}
Books
 r - a book of Geomancy

   Spells                             Type                      Level
   a - Sandblast                      Earth                        1
   b - Stoneskin                      Transmutation/Earth          2
   c - Passwall                       Transmutation/Earth          3
   d - Stone Arrow                    Conjuration/Earth            3
   e - Petrify                        Transmutation/Earth          4
   f - Lee's Rapid Deconstruction     Earth                        5
 A - a book of Power

   Spells                             Type                      Level
   a - Fulminant Prism                Conjuration/Hexes            4
   b - Iskenderun's Mystic Blast      Conjuration                  4
   c - Venom Bolt                     Conjuration/Poison           5
   d - Bolt of Magma                  Conjuration/Fire/Earth       5
   e - Iron Shot                      Conjuration/Earth            6
   f - Orb of Destruction             Conjuration                  7
   g - Spellforged Servitor           Conjuration/Summoning        7
 J - Agoysaom's Disquisition on the Oath
   (You found it on level 12 of the Dungeon)

   Spells                             Type                      Level
   a - Dazzling Spray                 Conjuration/Hexes            3
   b - Cause Fear                     Hexes                        4
   c - Invisibility                   Hexes                        6
Comestibles
 G - 19 fruits


   Skills:
 * Level 15.2 Fighting
 * Level 16.2 Maces & Flails
 + Level 9.1 Dodging
 - Level 2.2 Stealth
   Level 2.6 Shields
 + Level 5.3 Invocations


You had 11 spell levels left.
You didn't know any spells.

Dungeon Overview and Level Annotations

Branches:
Dungeon (12/15)            Temple (1/1) D:4            Lair (3/8) D:9
    Orc (0/2) D:12
  Swamp: Lair:3-6    Shoals: Lair:3-6     Snake: Lair:3-6    Spider: Lair:3-6

Altars:
Ashenzari
Cheibriados
Dithmenos
Elyvilon
Fedhas
Gozag
Kikubaaqudgha
Makhleb
Nemelex Xobeh
Okawaru
Pakellas
Qazlal
Ru
Sif Muna
Trog
Vehumet
Xom
Yredelemnul
Zin
The Shining One
Lugonu

Shops:
D:6 (

Portals:
Ice
Cave: D:12

Annotations:
D:3 exclusion: oklob plant
Lair:3 Rupert


Innate Abilities, Weirdness & Mutations

You are too large for most types of armour.
((You have tough skin (AC +1).))
((You have sharp toenails.))
((You are partially covered in icy blue scales (AC +1).))
(You are partially covered in rugged brown scales (AC +1, +3% HP).)
You are frail (-10% HP).
You are occasionally teleported next to monsters.
Your spells are a little harder to cast, but a little more powerful.


Message History

Rupert is heavily wounded.
Rupert hits you but does no damage.
You puncture Rupert! You burn Rupert.
Rupert is heavily wounded.
Rupert hits you with a great mace of protection!!
* * * LOW HITPOINT WARNING * * *
You impale Rupert!! You burn Rupert!
Rupert is severely wounded.
You puncture Rupert! You burn Rupert.
Rupert is severely wounded.
Rupert hits you with a great mace of protection!
* * * LOW HITPOINT WARNING * * *
You puncture Rupert! You burn Rupert.
Rupert is almost dead.
Rupert hits you with a great mace of protection!
* * * LOW HITPOINT WARNING * * *
You barely miss Rupert.
Rupert is almost dead.
Rupert hits you with a great mace of protection!!
You die...

##..##
#...P#
##..## #...#
#P..## #
##...#
###.####...#
..........##
.........♣.#
.####.###@##
## P.# ##.P
#.P# ..##
..# ..#


You could see Rupert (berserk).

Vanquished Creatures
  Snorg (D:11)
  A hydra (D:11)
  2 hill giants (D:11)
  A deep elf mage (D:11)
  2 ugly things
  A cyclops (D:11)
  4 black mambas
  6 spiny frogs
  A fire drake (Lair:2)
  2 komodo dragons
  A tengu conjurer (D:11)
  A troll (D:9)
  3 two-headed ogres
  A blink frog (Lair:2)
  A shadow (D:12)
  2 trapdoor spider zombies
  10 yaks
  Sigmund (D:2)
  2 basilisks
  3 hippogriffs
  A deep elf fighter (D:9)
  A hungry ghost (D:12)
  2 wraiths (D:11)
  Menkaure (D:6)
  Edmund (D:5)
  A black bear (D:8)
  3 ice beasts
  5 orc warriors
  3 porcupines
  A phantom (D:9)
  5 water moccasins
  4 ogres
  3 sky beasts
  9 centaurs
  6 crocodiles
  6 giant frogs
  11 big kobolds
  3 scorpions
  3 killer bees (D:7)
  A water moccasin skeleton (D:4)
  5 wights
  4 crimson imps
  8 hounds
  Crazy Yiuf (D:5)
  2 giant frog zombies (D:5)
  4 centaur skeletons
  An orc priest (D:7)
  3 orc wizards
  2 jellies
  2 giant frog skeletons
  11 worker ants
  6 iguanas
  2 killer bee zombies
  2 hound zombies
  2 worker ant zombies (D:6)
  4 gnolls (D:8)
  3 shadow imps
  11 adders
  25 river rats
  An ooze (D:6)
  2 adder skeletons
  6 worms
  8 giant geckos
  32 orcs
  6 giant cockroaches
  8 hobgoblins
  4 jackals (D:3)
  4 quokkas
  A ball python (D:1)
  20 bats
  A giant cockroach zombie (D:5)
  6 giant newts
  6 goblins
  29 kobolds
  2 quokka zombies
  14 rats
  3 fungi (D:9)
  A plant (D:9)
368 creatures vanquished.

Vanquished Creatures (others)
  7 fungi (D:9)
7 creatures vanquished.

Grand Total: 375 creatures vanquished

Notes
Turn   | Place    | Note
--------------------------------------------------------------
     0 | D:1      | Proton the Ogre Fighter began the quest for the Orb.
     0 | D:1      | Reached XP level 1. HP: 24/24 MP: 1/1
   152 | D:1      | Reached XP level 2. HP: 30/32 MP: 2/2
   773 | D:1      | Reached XP level 3. HP: 39/39 MP: 3/3
  1046 | D:2      | Found a stormy altar of Qazlal.
  1046 | D:2      | Noticed an air elemental
  1048 | D:2      | Noticed a water elemental
  1048 | D:2      | Noticed an earth elemental
  1048 | D:2      | Noticed a fire elemental
  1329 | D:2      | Found a white marble altar of Elyvilon.
  1340 | D:2      | Noticed Sigmund
  1526 | D:3      | Reached XP level 4. HP: 28/49 MP: 4/4
  1630 | D:3      | Found a burning altar of Makhleb.
  1630 | D:3      | Noticed a cacodemon
  1633 | D:3      | Noticed a smoke demon
  1633 | D:3      | Noticed a smoke demon
  1972 | D:3      | Found an opulent altar of Gozag.
  2030 | D:3      | Reached skill level 5 in Maces & Flails
  2179 | D:3      | Found a blossoming altar of Fedhas.
  2203 | D:3      | Noticed an oklob plant
  2653 | D:4      | Found a staircase to the Ecumenical Temple.
  2674 | Temple   | Entered the Ecumenical Temple
  2729 | D:4      | Reached XP level 5. HP: 37/55 MP: 5/5
  2869 | D:4      | Reached skill level 5 in Fighting
  3013 | D:4      | Reached skill level 6 in Maces & Flails
  3128 | D:4      | Reached XP level 6. HP: 35/66 MP: 6/6
  3594 | D:5      | Entered Level 5 of the Dungeon
  3662 | D:5      | Found a shattered altar of Ashenzari.
  3982 | D:5      | Reached XP level 7. HP: 75/75 MP: 7/7
  4015 | D:5      | Reached skill level 7 in Maces & Flails
  4019 | D:5      | Gained mutation: Scrolls take you a little longer to read. [mutagenic meat]
  4020 | D:5      | Gained mutation: Your spells are a little harder to cast, but a little more powerful. [mutagenic meat]
  4021 | D:5      | Gained mutation: Armour fits poorly on your strangely shaped body. [mutagenic meat]
  4022 | D:5      | Gained mutation: You have sharp toenails. [mutagenic meat]
  4023 | D:5      | Gained mutation: You are partially covered in icy blue scales (AC +1). [mutagenic meat]
  4024 | D:5      | Gained mutation: You are occasionally teleported next to monsters. [mutagenic meat]
  4497 | D:5      | Reached skill level 8 in Maces & Flails
  4804 | D:5      | Noticed Edmund
  5353 | D:2      | Killed Sigmund
  5353 | D:2      | Reached XP level 8. HP: 22/87 MP: 8/8
  5788 | D:5      | Killed Edmund
  5788 | D:5      | Reached skill level 9 in Maces & Flails
  5788 | D:5      | Reached skill level 5 in Dodging
  5929 | D:5      | Noticed Crazy Yiuf
  5934 | D:5      | Killed Crazy Yiuf
  6423 | D:6      | Found Jumaphuf's Antique Weapon Boutique.
  6429 | D:6      | Bought a translucent morningstar for 243 gold pieces
  6429 | D:6      | Identified the +7 morningstar of Vanity {flame, Dex+2 Stlth+} (You bought it in a shop on level 6 of the Dungeon)
  6465 | D:6      | Reached skill level 1 in Stealth
  6589 | D:6      | Found an oddly glowing altar of Pakellas.
  6589 | D:6      | Noticed Menkaure
  6595 | D:6      | Killed Menkaure
  6595 | D:6      | Reached skill level 10 in Maces & Flails
  6635 | D:6      | Found a sparkling altar of Nemelex Xobeh.
  6635 | D:6      | Noticed a hill giant
  6701 | D:6      | Reached XP level 9. HP: 96/96 MP: 9/9
  7251 | D:7      | Reached skill level 11 in Maces & Flails
  7842 | D:8      | Found a shadowy altar of Dithmenos.
  8284 | D:8      | Reached skill level 10 in Fighting
  8311 | D:8      | Reached skill level 12 in Maces & Flails
  8311 | D:8      | Reached XP level 10. HP: 68/110 MP: 10/10
  9238 | Temple   | Became a worshipper of Warmaster Okawaru
  9365 | D:9      | Found a deep blue altar of Sif Muna.
  9715 | D:9      | Found a snail-covered altar of Cheibriados.
  9730 | D:9      | Found a burning altar of Makhleb.
  9780 | D:9      | Found a staircase to the Lair.
  9793 | D:9      | Reached * piety under Okawaru
  9858 | D:9      | Reached skill level 13 in Maces & Flails
  9971 | D:9      | Found a glowing silver altar of Zin.
 10841 | D:9      | Found an ancient bone altar of Kikubaaqudgha.
 10843 | D:9      | Found a glowing golden altar of the Shining One.
 10941 | D:10     | Entered Level 10 of the Dungeon
 11162 | D:10     | Reached ** piety under Okawaru
 11357 | D:10     | Reached XP level 11. HP: 124/124 MP: 11/11
 11525 | D:10     | Noticed a hill giant
 11863 | D:11     | Found a flickering gateway to a bazaar.
 11872 | Bazaar   | Entered a bazaar
 11872 | Bazaar   | Found Ranos's Jewellery Shoppe.
 11872 | Bazaar   | Found Asusk's Antique Weapon Shoppe.
 11872 | Bazaar   | Found Zucrit's Weapon Emporium.
 11972 | D:11     | Lost mutation: Scrolls take you a little longer to read. [mutagenic meat]
 11974 | D:11     | Gained mutation: You are frail (-10% HP). [mutagenic meat]
 11975 | D:11     | Lost mutation: Armour fits poorly on your strangely shaped body. [mutagenic meat]
 11998 | D:11     | Noticed Snorg
 12439 | D:11     | Reached *** piety under Okawaru
 12439 | D:11     | Reached skill level 14 in Maces & Flails
 12447 | D:11     | Noticed a seven-headed hydra
 12471 | D:11     | Killed a hill giant
 12471 | D:11     | Reached skill level 1 in Invocations
 13232 | D:11     | Noticed a hill giant
 13242 | D:11     | Killed a hill giant
 13242 | D:11     | Reached **** piety under Okawaru
 13452 | D:11     | Killed a seven-headed hydra
 13599 | D:11     | Reached ***** piety under Okawaru
 13798 | D:11     | Killed Snorg
 13900 | D:11     | Reached skill level 15 in Maces & Flails
 14031 | D:12     | Found a frozen archway.
 14351 | D:12     | Reached XP level 12. HP: 114/125 MP: 14/14
 14480 | D:12     | Identified Agoysaom's Disquisition on the Oath
 14582 | D:12     | Gained mutation: You are partially covered in rugged brown scales (AC +1, +3% HP). [mutagenic meat]
 14723 | D:12     | Found a staircase to the Orcish Mines.
 14942 | Lair:1   | Entered Level 1 of the Lair of Beasts
 16004 | Lair:2   | Received a gift from Okawaru
 16005 | Lair:2   | Got a brightly glowing longbow {god gift}
 16006 | Lair:2   | Identified the +8 longbow "Roaklaja" {flame, Dex+4} (Okawaru gifted it to you on level 2 of the Lair of Beasts)
 16078 | Lair:2   | Reached ****** piety under Okawaru
 16078 | Lair:2   | Reached skill level 5 in Invocations
 16657 | Lair:3   | Reached skill level 15 in Fighting
 16711 | Lair:3   | Reached skill level 16 in Maces & Flails
 16838 | Lair:3   | Noticed a five-headed hydra
 17195 | Lair:3   | Noticed Rupert
 17199 | Lair:3   | Paralysed by Rupert for 4 turns
 17204 | Lair:3   | Paralysed by Rupert for 6 turns
 17220 | Lair:3   | Slain by Rupert

Vault maps used:
D:1:      eino_arrival_cavern_a
D:2:      nicolae_qazlal_style_of_elements, elyvilon_altar_5, uniq_sigmund
D:3:      tgw_fedhas, grunt_gozag_breadcrumbs, amethyst_killhole,
          makhleb_altar_promises_db
D:4:      minmay_temple_entry_overgrown, minmay_misc_feat_square
D:5:      cheibrodos_ashenzari_chains, first_bread, kennysheep_generic_room_7,
          uniq_crazy_yiuf_cottage, uniq_edmund
D:6:      grunt_pakellas_mercury, serial_shops, shop, grunt_nemelex_the_gamble,
          uniq_menkaure
D:8:      kennysheep_little_box, special_room
D:9:      nicolae_overflow_hidden_temple, lemuel_round_altar, kennysheep_mini,
          grunt_lair_entry_elf_guard_hut
D:11:     serial_shops, bzr_in_the_mist, grunt_tengu_nest, uniq_snorg
D:12:     orc_0_dummy, portal_ice_cave_entry_pillars_03
Temple:   corrupted_temple
Lair:2:   st_stairs_5, minmay_stone_trees_small, grunt_forest_stairs_basic
Lair:3:   grunt_megastairs_3, uniq_rupert
Bazaar:   bazaar_minmay_row

Action                   |  1- 3 |  4- 6 |  7- 9 | 10-12 || total
-------------------------+-------+-------+-------+-------++-------
Melee: Flail             |   115 |   207 |    94 |       ||   416
       Unarmed           |       |       |    13 |       ||    13
       Morningstar       |       |       |   162 |   549 ||   711
       Dire flail        |       |       |    18 |       ||    18
Throw: Large rock        |       |       |       |    19 ||    19
Evoke: Wand              |       |       |     3 |     3 ||     6
  Use: Scroll            |       |       |     8 |     9 ||    17
       Potion            |       |       |       |     2 ||     2
 Stab: Sleeping          |       |       |     9 |    12 ||    21
       Distracted        |       |       |     1 |       ||     1
  Eat: Bread ration      |     1 |     1 |     1 |     3 ||     6
       Beef jerky        |       |     1 |     1 |     1 ||     3
       Chunk             |       |     2 |     6 |     6 ||    14
       Fruit             |       |     1 |       |     5 ||     6
       Meat ration       |       |       |     1 |     2 ||     3
